 Dungeon Crawl Stone Soup version 0.27.1-4-g1640c2035a (webtiles) character file.

Game seed: 5695453148406962545

1617 tizbic2 the Caller (level 8, -5/60 HPs)
             Began as a Barachi Summoner on Nov 14, 2021.
             Was a Believer of Ashenzari.
             Killed from afar by Joseph (20 damage)
             ... with an iceblast
             ... on level 7 of the Dungeon.
             The game lasted 00:52:06 (5527 turns).

tizbic2 the Caller (Barachi Summoner)               Turns: 5527, Time: 00:52:09

Health: -5/60      AC: 11    Str: 10    XL:     8   Next: 96%
Magic:  1/14       EV: 13    Int: 23    God:    Ashenzari [**....]
Gold:   355        SH:  0    Dex: 13    Spells: 6/15 levels left

rFire    + . .     SeeInvis +   a - +5 quarterstaff (spect)
rCold    . . .     Faith    .   (shield currently unavailable)
rNeg     . . .     Spirit   .   k - +0 ring mail
rPois    .         Reflect  .   s - +1 helmet of the Shackled Disgust {Cun, Evo} (curse)
rElec    .         Harm     .   h - +0 cloak
rCorr    .         Rampage  .   m - +0 pair of gloves "Bound Adversity" {Cun, Fort} (curse)
Will     .....                  (no boots)
Stlth    ++........             e - amulet of the Enigmatic Doubts {Regen+, Cun, Fort} (curse)
HPRegen  1.20/turn              A - ring of protection from fire
MPRegen  0.14/turn              o - +6 ring of intelligence

@: slow
A: amphibious, slowness 1, strong legs 1, +LOS
a: Hop, Renounce Religion, Shatter the Chains


You were on level 7 of the Dungeon.
You worshipped Ashenzari.
Ashenzari was pleased with you.
You visited 2 branches of the dungeon, and saw 8 of its levels.

You collected 355 gold pieces.

Inventory:

Hand Weapons
 a - a +5 spectral quarterstaff (weapon)
 x - the +6 hunting sling of Fitzius {vorpal, Contam rF+ MP+9 Int+6}
   (You found it on level 5 of the Dungeon)

   Any ammunition fired from it inflicts extra damage upon your enemies.
   Int:       It affects your intelligence (+6).
   rF:        It protects you from fire.
   MP:        It affects your magic capacity (+9).
   Contam:    It causes magical contamination when unequipped.
Missiles
 d - 5 bolts
 f - 16 poisoned darts
 j - 60 arrows
 y - 46 stones
Armour
 h - a +0 cloak (worn)
 k - a +0 ring mail (worn)
 m - the cursed +0 pair of gloves "Bound Adversity" (worn) {Cun, Fort}
   (You found it on level 2 of the Dungeon)

   It has a curse which improves the following skills: Cunning: Dodging and
   Stealth.
   Fortitude: Armour and Shields.
 n - a +0 cloak
 r - a +1 animal skin
 s - the cursed +1 helmet of the Shackled Disgust (worn) {Cun, Evo}
   (You took it off Robin on level 4 of the Dungeon)

   It has a curse which improves the following skills: Cunning: Dodging and
   Stealth.
   Evocations: Evocations.
 C - a +0 pair of gloves
Magical Staves
 p - a staff of fire
Jewellery
 e - the cursed amulet of the Enigmatic Doubts (around neck) {Regen+, Cun, Fort}
   (You found it on level 1 of the Dungeon)

   [amulet of regeneration]

   Regen:     It increases your rate of health regeneration.
   It has a curse which improves the following skills: Cunning: Dodging and
   Stealth.
   Fortitude: Armour and Shields.
 l - a ring of see invisible
 o - a +6 ring of intelligence (right hand)
 A - a ring of protection from fire (left hand)
Wands
 z - a wand of flame (12)
Scrolls
 b - 2 scrolls of teleportation
 u - 2 scrolls of blinking
 v - a scroll of amnesia
 B - a scroll of brand weapon
Potions
 c - 2 potions of might
 g - a potion of flight
 i - a potion of heal wounds
 q - a potion of haste
 t - a potion of mutation
 w - a potion of brilliance


   Skills:
 + Level 3.8 Fighting
 - Level 0.8 Short Blades
 - Level 0.4(3.2) Maces & Flails
 * Level 5.1(5.2) Staves
 + Level 4.3(6.5) Armour
 + Level 5.4(8.4) Dodging
 - Level 1.7(3.9) Stealth
 + Level 4.1 Spellcasting
 * Level 7.9 Summonings
 - Level 2.3(3.5) Evocations


You had 6 spell levels left.
You knew the following spells:

 Your Spells              Type           Power      Damage    Failure   Level
a - Summon Small Mammal   Summ           100%       N/A       1%          1
b - Summon Guardian Gole  Hex/Summ       23%        N/A       14%         3
c - Call Canine Familiar  Summ           41%        N/A       2%          3
d - Call Imp              Summ           41%        N/A       1%          2

Your spell library contained the following spells:

 Spells                   Type           Power      Damage    Failure   Level
 Slow                     Hex            4%         N/A       34%         2
 Summon Lightning Spire   Summ/Air       23%        N/A       41%         4
 Confusing Touch          Hex            4%         N/A       56%         3
 Portal Projectile        Hex/Tloc       8%         N/A       56%         3
 Hailstorm                Conj/Ice       4%         3d4       93%         4
 Ice Form                 Ice/Tmut       4%         N/A       93%         4
 Leda's Liquefaction      Hex/Erth       2%         N/A       93%         4
 Yara's Violent Unravell  Hex/Tmut       2%         3d3       100%        5
 Simulacrum               Ice/Necr       2%         N/A       100%        6


Dungeon Overview and Level Annotations

Branches:
Dungeon (7/15)             Temple (1/1) D:4

Altars:
Ashenzari
Cheibriados
Dithmenos
Elyvilon
Fedhas
Gozag
Hepliaklqana
Kikubaaqudgha
Makhleb
Nemelex Xobeh
Okawaru
Qazlal
Sif Muna
Trog
Wu Jian
Yredelemnul
Zin
The Shining One

Shops:
D:4 *

Annotations:
D:7 Joseph


Innate Abilities, Weirdness & Mutations

You are amphibious.
You cover ground slowly.
You can hop short distances.
You have an extended range of vision and can be seen from far away.


Message History

Your hound's corpse disappears in a puff of smoke!
Your crimson imp hits Joseph but does no damage.
The orc barely misses your white imp.
Casting: Call Imp (safe; 1% risk of failure)
Confirm with . or Enter, or press ? or * to list all spells.
A beastly little devil appears in a puff of flame.
Casting: Call Imp (safe; 1% risk of failure)
Confirm with . or Enter, or press ? or * to list all spells.
Your crimson imp hits the orc priest.
Your white imp hits the orc.
Your white imp freezes the orc.
The orc barely misses your white imp.
Your wolf barely misses the orc.
Your white imp hits the orc.
The orc dies!
Joseph shoots a sling bullet.
The sling bullet hits your white imp!
Your white imp dies!
Your crimson imp blinks!
Joseph shoots a sling bullet.
The sling bullet hits your wolf!
Joseph shoots a sling bullet.
The sling bullet hits your wolf!
Joseph shoots a sling bullet.
The sling bullet completely misses your crimson imp.
The sling bullet hits you!!
The orc priest hits your crimson imp with a +0 hand axe.
The orc priest hits your wolf with a +0 hand axe.
Your wolf dies!
Your wolf's corpse disappears in a puff of smoke!
Joseph says, "Coming here was your last mistake."
Joseph zaps a wand.
The mass of ice explodes!
The iceblast engulfs you!
Your crimson imp closely misses the orc priest.
The orc priest hits your crimson imp with a +0 hand axe!
Casting: Call Canine Familiar (dangerous; 2% risk of failure)
Confirm with . or Enter, or press ? or * to list all spells.
Joseph shoots a sling bullet.
The sling bullet hits you!
Your crimson imp hits the orc priest but does no damage.
The orc priest hits your crimson imp with a +0 hand axe.
Your crimson imp hits the orc priest but does no damage.
Joseph shoots a sling bullet.
The sling bullet hits you.
* * * LOW HITPOINT WARNING * * *
The orc priest hits your crimson imp with a +0 hand axe.
Your crimson imp dies!
Joseph zaps a wand.
The mass of ice explodes!
The iceblast engulfs you!!
You die...

#.############.#
#.##.........#.#
#.##.#######.#.# #.##.#
#.#.# #.##.# #.#.#
#....#######.#.# ##
.............#.# ##.##
###########..#.#####o#.##
### #.....@...o.#.#
###### ..#
#.##...h..@o.#* #.@..o
#.# #.#########5## #.#* .
#.# #.# #.# #.#*.# #.#
#.# #@######.#.# #.# #.#
#oo..@..o.# #o# #.#
#5...o...## #.# #?# **
#.o#####..#* #.# #.#
,.....# #.#.#


You could see Joseph (ally target), an orc priest (ally target), an orc wizard,
an orc, a friendly hound (summoned) and a friendly crimson imp (summoned).

Vanquished Creatures
  An ice beast (D:6)
  2 centaurs
  A bullfrog (D:6)
  A scorpion (D:6)
  A water moccasin skeleton (D:5)
  2 killer bees (D:6)
  A howler monkey (D:4)
  A lava snake (D:7)
  2 centaur zombies (D:6)
  2 hounds (D:4)
  A jelly (D:4)
  An orc priest (D:7)
  2 iguanas
  2 orc wizards (D:6)
  Robin (D:4)
  5 adders
  An ufetubus (D:7)
  A worm (D:2)
  13 orcs
  2 bats
  3 endoplasms
  2 giant cockroaches
  11 goblins
  6 hobgoblins (D:4)
  2 kobolds (D:4)
  A quokka (D:5)
  2 ball pythons
  3 frilled lizards
  A rat (D:2)
74 creatures vanquished.

Vanquished Creatures (collateral kills)
  An orc warrior (D:6)
  An ice beast (D:5)
  A sky beast (D:7)
  A black bear (D:6)
  3 ogres
  A scorpion (D:4)
  A killer bee (D:6)
  A howler monkey (D:4)
  An orc priest (D:4)
  Crazy Yiuf (D:3)
  2 bullfrog skeletons
  2 iguanas
  An orc wizard (D:4)
  A hound skeleton (D:4)
  A howler monkey zombie (D:6)
  A gnoll (D:1)
  3 adders
  A worm (D:2)
  A dart slug (D:1)
  11 orcs
  4 endoplasms
  4 giant cockroaches
  5 goblins
  4 hobgoblins
  5 ball pythons
  7 bats
  5 frilled lizards
  4 kobolds
  2 rats
76 creatures vanquished.

Vanquished Creatures (others)
  An orc warrior (D:7)
  An orc (D:4)
  A plant (D:6)
3 creatures vanquished.

Grand Total: 153 creatures vanquished

Notes
Turn   | Place    | Note
-------+----------+-------------------------------------------
     0 | D:1      | tizbic2 the Barachi Summoner began the quest for the Orb.
     0 | D:1      | Reached XP level 1. HP: 13/13 MP: 3/3
    70 | D:1      | Reached skill level 5 in Summonings
   171 | D:1      | Reached XP level 2. HP: 10/19 MP: 0/5
   611 | D:1      | Reached XP level 3. HP: 22/25 MP: 3/6
   994 | D:2      | Learned a level 3 spell: Summon Guardian Golem
  1201 | D:2      | Reached skill level 1 in Fighting
  1201 | D:2      | Reached XP level 4. HP: 28/32 MP: 3/7
  2034 | D:3      | Reached skill level 1 in Armour
  2370 | D:3      | Found a runed translucent door.
  2371 | D:3      | Noticed Crazy Yiuf
  2389 | D:3      | Killed Crazy Yiuf
  2475 | D:3      | Reached XP level 5. HP: 37/37 MP: 4/8
  2628 | D:4      | Found a staircase to the Ecumenical Temple.
  2673 | D:4      | Reached skill level 1 in Staves
  2690 | Temple   | Entered the Ecumenical Temple
  2811 | Temple   | Became a worshipper of Ashenzari the Shackled
  2868 | D:4      | Noticed Robin
  2886 | D:4      | Reached skill level 1 in Evocations
  2913 | D:4      | Reached XP level 6. HP: 44/44 MP: 4/10
  2920 | D:4      | Reached skill level 6 in Summonings
  2932 | D:4      | Killed Robin
  2972 | D:4      | Found Nyotz's General Store.
  3030 | D:4      | Found an ancient bone altar of Kikubaaqudgha.
  3247 | D:4      | Found an iron altar of Okawaru.
  3475 | D:4      | Learned a level 3 spell: Call Canine Familiar
  3518 | D:4      | Reached XP level 7. HP: 50/50 MP: 3/11
  3624 | D:5      | Entered Level 5 of the Dungeon
  3680 | D:5      | Identified the +6 hunting sling of Fitzius {vorpal, Contam
                  | rF+ MP+9 Int+6}
  3822 | D:5      | Learned a level 2 spell: Call Imp
  4322 | D:6      | Reached * piety under Ashenzari
  4504 | D:6      | Reached XP level 8. HP: 57/57 MP: 10/13
  4620 | D:6      | Found a burning altar of Makhleb.
  4647 | D:6      | Reached ** piety under Ashenzari
  4676 | D:6      | Reached skill level 5 in Dodging
  4676 | D:6      | Reached skill level 7 in Summonings
  4720 | D:6      | Found a snail-covered altar of Cheibriados.
  5329 | D:7      | Reached skill level 5 in Staves
  5497 | D:7      | Noticed Joseph
  5527 | D:7      | Killed from afar by Joseph

Illustrated notes

Levels and vault maps discovered:
D:1:      co_arrival_random_square_maze, layout_basic, fountainhead,
          moated_statue
D:2:      layout_basic, minmay_ruptured
D:3:      layout_loops_ring, minivault_5, uniq_crazy_yiuf_cottage
D:4:      layout_rooms, mainiacjoe_overflow_chevrons,
          kennysheep_okawaru_gauntlet, minmay_temple_entry_statues_fountains,
          serial_shops, nicolae_diamond_shop, minmay_cupped, uniq_robin
D:5:      layout_basic, chequers_serial_rivers_micro_c, grunt_decor_fettered
D:6:      layout_loops_ring, bloody_makhleb, mainiacjoe_overflow_swirl,
          corexii_shack
D:7:      layout_loops_ring, grunt_decor_junction, uniq_joseph
Temple:   nicolae_temple_great_sept

Skill      XL: |  1  2  3  4  5  6  7  8 |
---------------+-------------------------+-----
Summonings     | 5 6 7 |  7.9
Dodging        | 3 4 5 |  5.4
Fighting       | 1 2 3 |  3.8
Armour         | 1 2 3 4 |  4.3
Staves         | 1 2 3 5 |  5.1
Evocations     | 1 2 |  2.3
Spellcasting   | 3 4 |  4.1
Short Blades   | |  0.8
Maces & Flails | |  0.4
Stealth        | |  1.7

Action                   |  1- 3 |  4- 6 |  7- 9 || total
-------------------------+-------+-------+-------++-------
Melee: Unarmed           |    30 |       |       ||    30
       Dagger            |    50 |       |       ||    50
       Mace              |    27 |    23 |       ||    50
       Staff             |       |    43 |       ||    43
       Quarterstaff      |       |    89 |    71 ||   160
 Cast: Summon Small Mamm |    45 |    85 |    13 ||   143
       Summon Guardian G |     1 |     2 |     1 ||     4
       Call Canine Famil |       |     3 |    14 ||    17
       Call Imp          |       |       |    39 ||    39
Invok: Curse Item        |       |       |     3 ||     3
 Abil: Hop               |     1 |     3 |     1 ||     5
  Use: Potion            |       |     1 |     1 ||     2
       Scroll            |       |       |     4 ||     4
 Stab: Sleeping          |     1 |     1 |     2 ||     4
       Distracted        |     1 |       |     2 ||     3
Armor: Robe              |    39 |       |       ||    39
       Ring mail         |    13 |   108 |    52 ||   173
Dodge: Dodged            |   132 |   155 |    70 ||   357
